AoeStats
← Voldonas

Hideout

509647068Analyzed
1v1 RM · 5d ago on Sep 27, 2026· 56m 5s· 2 players
Game mode
Random Map
Map size
Tiny (2 player)
Population
200
Speed
Normal
Resources
Standard
Victory
Conquest
Starting age
Dark Age
Ending age
Imperial Age
RankedLock teamsTeams togetherTeam positionsShared explorationLock speedFull tech treeHidden civsTurbo modeCheats
Victory
Defeat
🇺🇸 Maya · United States
667
+17
🇱🇹 Lithuanians · Lithuania
699
-17
fatel87
11:38 Feudal Age
12:04 Double-Bit Axe
14:07 Loom
17:09 Castle Age
15:37 Horse Collar
15:53 Gold Mining
18:27 Bow Saw
20:59 Stone Mining
21:13 Fletching
21:24 Padded Archer Armor
20:47 Eagle Warrior
23:34 Wheelbarrow
25:01 Stone Shaft Mining
26:06 Heavy Plow
26:35 Leather Archer Armor
32:43 Imperial Age
33:03 Treadmill Crane
33:49 Conscription
34:14 Scale Mail Armor
34:26 Forging
34:12 Bodkin Arrow
34:45 Elite Eagle Warrior
35:24 Pikeman
36:27 Chain Mail Armor
36:53 Heated Shot
37:24 Ballistics
38:48 Ring Archer Armor
38:20 Bracer
38:58 Iron Casting
40:31 Halberdier
41:14 Squires
49:06 Plate Mail Armor
49:40 Blast Furnace
50:06 Elite Plumed Archer
Voldonas
0:30 Loom
10:16 Feudal Age
11:03 Double-Bit Axe
11:03 Horse Collar
13:02 Wheelbarrow
19:10 Castle Age
20:51 Hand Cart
23:30 Bow Saw
27:09 Heavy Plow
31:44 Imperial Age
32:15 Husbandry
32:32 Scale Barding Armor
32:37 Forging
31:52 Cavalier
34:43 Bloodlines
36:18 Hoardings
35:53 Murder Holes
36:20 Ballistics
37:58 Chain Barding Armor
38:13 Iron Casting
37:31 Light Cavalry
39:27 Paladin
44:26 Paladin
51:15 Plate Barding Armor
Connection lost

Rejoining the realm…

Still unreachable

The connection could not be restored.

Session expired

The server has moved on; the page needs a fresh start.